AoeStats
← Rtx1829

Arabia

509115924Analyzed
1v1 RM · 6d ago on Sep 25, 2026· 24m 51s· 2 players
Game mode
Random Map
Map size
Tiny (2 player)
Population
200
Speed
Normal
Resources
Standard
Victory
Conquest
Starting age
Dark Age
Ending age
Imperial Age
RankedLock teamsTeams togetherTeam positionsShared explorationLock speedFull tech treeHidden civsTurbo modeCheats
Victory
Defeat
🇹🇷 Goths · Türkiye
995
+16
🇺🇸 Franks · United States
1000
-48
abdullahmandal11
11:27 Feudal Age
9:43 Loom
12:17 Double-Bit Axe
12:42 Man-at-Arms
15:15 Horse Collar
21:07 Castle Age
20:55 Forging
22:15 Husbandry
Rtx1829
Connection lost

Rejoining the realm…

Still unreachable

The connection could not be restored.

Session expired

The server has moved on; the page needs a fresh start.